 Dungeon Crawl Stone Soup version 0.29-a0-234-g0dae59b3db (webtiles) character file.

Game seed: 14791515963440758093

27967 spaghetti the Unseen (level 13, 0/243 HPs)
             Began as a Naga Chaos Knight on Mar 3, 2022.
             Was a Plaything of Xom.
             Slain by a freezing wraith (7 damage)
             ... led by a death knight
             ... on level 13 of the Dungeon.
             The game lasted 00:29:38 (17785 turns).

spaghetti the Unseen (Naga Chaos Knight)           Turns: 17785, Time: 00:29:38

Health: 0/243      AC: 26    Str: 19    XL:     13   Next: 35%
Magic:  13/13      EV:  1    Int: 13    God:    Xom [......]
Gold:   556        SH:  0    Dex: 11    Spells: 12/12 levels left

rFire   . . .      SeeInvis +     - Unarmed
rCold   . . .      Faith    .   (no shield)
rNeg    . . .      Spirit   .   (body armour currently unavailable)
rPois   +          Reflect  .   (helmet currently unavailable)
rElec   .          Harm     .   (cloak currently unavailable)
rCorr   .          Rampage  .   (gloves currently unavailable)
Will    .....      NoTele   +   (no barding)
Stlth   +++++++...              g - amulet of the acrobat
HPRegen 0.50/turn               a - +4 ring of slaying
MPRegen 0.13/turn               v - +4 ring of evasion

@: tree-form, weak-willed, slowed, very slow
A: stationary, stasis, torment immunity, boosted hp, AC +4, large, see
invisible, (deformed body), (poison resistance), (slowness 2), spit poison 2,
(naga tail 2), (iridescent scales 3), robust 2, wild magic 3
a: Breathe Poison Gas, Renounce Religion


You were on level 13 of the Dungeon.
You worshipped Xom.
You were a very special plaything of Xom.
You were a tree.
You visited 1 branch of the dungeon, and saw 14 of its levels.

You collected 1356 gold pieces.
You spent 800 gold pieces at shops.


Innate Abilities, Weirdness & Mutations

You are a tree.
Your roots penetrate the ground, keeping you stationary.
You cannot be teleported.
You are immune to unholy pain and torment.
Your maximum health is greatly increased.
Your equipment is partially melded.
((Your serpentine skin is tough. (AC +4)))
You have supernaturally acute eyesight. (SInv)
((Armour fits poorly on your strangely shaped body.))
((Your system is resistant to poisons. (rPois)))
((You cover ground very slowly.))
You can exhale a cloud of poison.
((You can use your snake-like lower body to constrict enemies.))
((You are completely covered in iridescent scales. (AC +6)))
You are very robust. (+20% HP)
Your spells are much harder to cast, but much more powerful.


   Skills:
 - Level 14.0 Fighting
 - Level 1.5 Armour
 - Level 0.7 Dodging
 - Level 18.6 Stealth
 + Level 15.4 Unarmed Combat


You had 12 spell levels left.
You didn't know any spells.
Your spell library contained the following spells:

 Spells                   Type           Power      Damage    Failure   Level
 Animate Skeleton         Necr           0%         N/A       56%         1
 Beastly Appendage        Tmut           0%         N/A       56%         1
 Magic Dart               Conj           0%         1d3       56%         1
 Pain                     Necr           0%         1d4       56%         1
 Ensorcelled Hibernation  Hex/Ice        0%         N/A       69%         2
 Searing Ray              Conj           0%         2d4       69%         2
 Wereblood                Tmut           0%         N/A       69%         2
 Dazzling Flash           Conj/Hex       0%         N/A       87%         3
 Ignite Poison            Fire/Tmut/Pois 0%         N/A       87%         3
 Mephitic Cloud           Conj/Pois/Air  0%         N/A       87%         3
 Portal Projectile        Hex/Tloc       0%         N/A       87%         3
 Spider Form              Tmut/Pois      0%         N/A       87%         3
 Summon Guardian Golem    Hex/Summ       0%         N/A       87%         3
 Tukima's Dance           Hex            0%         N/A       87%         3
 Vampiric Draining        Necr           0%         2d6       87%         3
 Anguish                  Hex/Necr       0%         N/A       99%         4
 Animate Dead             Necr           0%         N/A       99%         4
 Fulminant Prism          Conj/Hex       0%         3d6       99%         4
 Agony                    Necr           0%         N/A       100%        5
 Borgnjor's Vile Clutch   Necr/Erth      0%         N/A       100%        5
 Excruciating Wounds      Necr           0%         N/A       100%        5
 Freezing Cloud           Conj/Ice/Air   0%         6-21      100%        5
 Lightning Bolt           Conj/Air       0%         1d11      100%        5
 Silence                  Hex/Air        0%         N/A       100%        5
 Death Channel            Necr           0%         N/A       100%        6
 Enfeeble                 Hex            0%         N/A       100%        7

Inventory:

Hand Weapons
 b - a +2 shortbow of freezing {bow}
   (You found it on level 2 of the Dungeon)
Missiles
 d - 65 poisoned darts {throwing}
 e - 384 stones {throwing}
 k - 3 silver javelins {throwing}
 l - a throwing net {=f!fthrowing}
 t - 4 boomerangs {throwing}
 K - 2 curare-tipped darts {=fthrowing}
Armour
 p - a +0 kite shield
   (You found it on level 5 of the Dungeon)
 G - +0 acid dragon scales (melded)
   (You found it on level 9 of the Dungeon)
 I - a +0 cloak (melded)
   (You found it on level 8 of the Dungeon)
Magical Staves
 x - a staff of death {!astaff}
   (You found it on level 6 of the Dungeon)
Jewellery
 a - a +4 ring of slaying (left branch)
   (You found it on level 9 of the Dungeon)
 g - an amulet of the acrobat (around neck)
   (You found it on level 2 of the Dungeon)
 i - a ring of flight
   (You found it on level 1 of the Dungeon)
 n - a +6 ring of dexterity
   (You found it on level 12 of the Dungeon)
 o - a +6 ring of intelligence
   (You found it on level 12 of the Dungeon)
 r - an amulet of guardian spirit
   (You found it on level 4 of the Dungeon)
 v - a +4 ring of evasion (right branch)
   (You took it off a kobold on level 6 of the Dungeon)
 y - a ring of positive energy
   (You found it on level 7 of the Dungeon)
 J - a ring of resist corrosion
   (You found it on level 12 of the Dungeon)
 O - a ring of willpower
   (You found it on level 10 of the Dungeon)
Wands
 h - a wand of iceblast (13)
   (You found it on level 3 of the Dungeon)
 q - a wand of polymorph (5)
   (You found it on level 6 of the Dungeon)
 F - a wand of digging (3)
   (You found it on level 7 of the Dungeon)
 H - a wand of acid (1)
   (You took it off Joseph on level 9 of the Dungeon)
 L - a wand of charming (3)
   (You took it off Maurice on level 11 of the Dungeon)
Scrolls
 f - 12 scrolls of identify {@r1}
 j - 4 scrolls of immolation {!r!r}
 m - 3 scrolls of magic mapping {!r}
 s - a scroll of enchant armour
 w - 4 scrolls of teleportation {@r4}
 A - a scroll of brand weapon
 R - a scroll of enchant weapon
Potions
 c - 6 potions of degeneration {!q@e2}
 z - 3 potions of attraction {!q}
 B - a potion of mutation {!q}
 C - 2 potions of lignification {!q}
 D - 3 potions of brilliance
 E - a potion of curing {@q1}

Dungeon Overview and Level Annotations

Branches:
Dungeon (14/15)            Temple (0/1) D:5            Lair (0/6) D:9
    Orc (0/2) D:11
 Vaults: D:13-14

Altars:
Ashenzari
Cheibriados
Kikubaaqudgha
Makhleb
Okawaru
Wu Jian
Xom

Shops:
D:1 [   D:5 :

Portals:
Trove: D:10 (give 9 potions of haste)

Annotations:
D:4 Crazy Yiuf

.# ## ##.# .## ...## .. ###....
#. #..p... #.###......
############ #..##>....>
#..........##########.........
#..........<.ā™£WWz...........).
#..........#############......
############ ###.... #####


You could see a skeletal warrior (weak-willed, corroded), a freezing wraith
(weak-willed, corroded) and a wraith (weak-willed).


Message History

šŸ˜Ø HP[+1]
Aiming: Corrosive Bolt
Press: ? - help, Shift-Dir - straight line, f - skeletal warrior
Aim: a skeletal warrior, wielding a +0 scimitar (71% to hit)
The bolt of acid hits the freezing wraith.
The bolt of acid misses the wraith.
The bolt of acid hits the death knight but does no damage.
The bolt of acid hits the skeletal warrior!
The acid corrodes the skeletal warrior!
The freezing wraith hits you but does no damage. x2 šŸ˜Ø HP[+1]
Aiming: Corrosive Bolt
Press: ? - help, Shift-Dir - straight line, f/p - skeletal warrior
Aim: a skeletal warrior, wielding a +0 scimitar (lightly damaged, covered in acid, 71% to hit)
The bolt of acid misses the freezing wraith.
The bolt of acid hits the wraith!!
The bolt of acid hits the death knight.
The acid corrodes the death knight!
The bolt of acid hits the skeletal warrior!
The freezing wraith barely misses you. The freezing wraith misses you.
Aiming: Corrosive Bolt
Press: ? - help, Shift-Dir - straight line, f - death knight, p - skeletal warrior
Aim: a death knight, wielding a +0 great sword and wearing a +0 chain mail (lightly wounded, wandering, covered in acid, hasn't noticed you, 71% to hit)
The bolt of acid hits the freezing wraith!
The acid corrodes the freezing wraith!
The bolt of acid misses the wraith.
The bolt of acid hits the skeletal warrior!
The skeletal warrior seems to be corroded for longer.
The bolt of acid hits the death knight!
The death knight seems to be corroded for longer.
The freezing wraith closely misses you. The freezing wraith hits you!
* * * LOW HITPOINT WARNING * * *
The freezing wraith drains your vigour!
You feel yourself slow down. šŸ˜Ø HP[-7]
You take 7 damage, and now have 61/162 hp.
Aiming: Corrosive Bolt
Press: ? - help, Shift-Dir - straight line, p - death knight You can't see that place. [the floor.]
Okay, then.
Okay, then.
Okay, then.
As you read the scroll labelled GUFOXOUKKEM, it crumbles to dust.
Your body is wracked with pain!
* * * LOW HITPOINT WARNING * * *
The death knight convulses!
It was a scroll of torment.
Xom thinks this is hilarious! "Serve the mortal, my children!"
The freezing wraith hits you!
* * * LOW HITPOINT WARNING * * *
The freezing wraith freezes you!
* * * LOW HITPOINT WARNING * * *
The freezing wraith barely misses you. x2
The freezing wraith closely misses you. šŸ˜± HP[-44]
You take 44 damage, and now have 17/162 hp.
MASSIVE DAMAGE!! (PAUSE)
You swap places.
The freezing wraith barely misses your shadow imp.
The freezing wraith hits your shadow imp.
The freezing wraith drains your shadow imp's vigour!
Your shadow imp seems to slow down.
The freezing wraith barely misses your shadow imp.
The freezing wraith hits your shadow imp!
Your shadow imp dies!
Your shadow imp disappears in a puff of smoke! šŸ˜± HP[+1]
You swap places.
You flicker for a moment.
The freezing wraith closely misses your crimson imp.
The freezing wraith misses your crimson imp. šŸ˜± HP[+1]
The freezing wraith hits your crimson imp.
The freezing wraith freezes your crimson imp!
Your crimson imp is frozen!
Your crimson imp dies!
Your crimson imp disappears in a puff of smoke!
Okay, then.
Okay, then.
As you read the scroll labelled PENIKA ESUNWEV, it crumbles to dust.
Magic quickly surges around you.
It was a scroll of vulnerability.
The freezing wraith hits you but does no damage.
The freezing wraith hits you.
* * * LOW HITPOINT WARNING * * *
The freezing wraith drains your vigour!
You feel as though you will be slow longer. šŸ˜± HP[-4]
You take 4 damage, and now have 15/162 hp.
Really quaff
C - 3 potions of lignification {!q}?
Really quaff the potion of lignification?
You turn into a tree.
Your +0 cloak melds into your body.
Your +0 acid dragon scales melds into your body.
Your roots penetrate the ground.
You flicker back into view.
The freezing wraith hits you!
* * * LOW HITPOINT WARNING * * *
The freezing wraith freezes you!
* * * LOW HITPOINT WARNING * * *
The freezing wraith hits you!
You die...
Xom laughs nastily!

Skill      XL: |  1  2  3  4  5  6  7  8  9 10 11 12 13 |
---------------+----------------------------------------+-----
Unarmed Combat | 4 6 7 9 11 13 14 15 | 15.4
Stealth        | 18 | 18.6
Fighting       | 9 14 | 14.0
Armour         | |  1.5
Dodging        | |  0.7

Action                   |  1- 3 |  4- 6 |  7- 9 | 10-12 | 13-15 || total
-------------------------+-------+-------+-------+-------+-------++-------
Melee: Unarmed           |   112 |    90 |   240 |   502 |    63 ||  1007
       Punch             |     4 |     8 |    14 |    48 |    10 ||    84
       Bite              |       |       |    20 |    68 |     1 ||    89
       Constrict         |       |       |       |       |    12 ||    12
 Fire: Shortbow          |     2 |     9 |    66 |    26 |       ||   103
 Abil: Spit Poison       |    20 |     8 |     8 |    12 |       ||    48
       Breathe Poison Ga |       |       |       |     5 |     1 ||     6
Evoke: Wand              |       |       |     9 |     6 |     8 ||    23
  Use: Scroll            |     3 |     1 |    11 |     7 |     5 ||    27
       Potion            |       |     3 |     2 |     9 |     6 ||    20
 Stab: Paralysed         |       |       |     1 |       |       ||     1
       Sleeping          |       |       |       |    26 |     4 ||    30
       Invisible         |       |       |       |     1 |     3 ||     4
       Confused          |       |       |       |     2 |       ||     2
       Distracted        |       |       |       |     2 |       ||     2
Armor: Leather armour    |    67 |    31 |   115 |    87 |       ||   300
       Skin              |       |       |       |     4 |       ||     4
       Robe              |       |       |       |    25 |       ||    25
       Acid dragon scale |       |       |       |    82 |    15 ||    97
Dodge: Dodged            |    86 |    52 |   148 |   303 |    42 ||   631

Levels and vault maps discovered:
D:1:      dpeg_arrival_line_fractal, layout_basic, serial_shops, shop,
          st_stairs_5, minmay_pentomino_u4
D:2:      layout_loops_ring
D:3:      layout_basic, mainiacjoe_overflow_big_doors,
          hellmonk_ecumenical_altar_lost_god, serial_park_tiny_pond,
          uniq_sigmund
D:4:      layout_rooms, kennysheep_mini_moat,
          lemuel_mausoleum_altar_yredelemnul, uniq_crazy_yiuf_cottage,
          uniq_pikel
D:5:      layout_loops_ring, minmay_temple_entry_gardened_gates, serial_shops,
          shop, chequers_serial_rivers_room_b, nrook_loot_triangle,
          uniq_menkaure, uniq_eustachio
D:6:      layout_rooms, minmay_misc_feat_plants
D:7:      layout_basic, mainiacjoe_overflow_paths, minivault_10,
          minmay_diced_spiral
D:8:      layout_gridville
D:9:      minmay_imperfect_grid, layout_stronghold, cheibrodos_ashenzari_chains,
          dpeg_oklobed_lair, serial_co_window_serial, co_window_paths_a,
          co_window_corner_a, co_window_paths_b, co_window_paths_b,
          co_window_paths_a, co_window_corner_b, co_window_corner_b,
          co_window_unsneaky_path_a, co_window_corner_ca, glass_columns_b,
          uniq_joseph
D:10:     layout_layer_cave, nicolae_trove_entry_isolated,
          hangedman_feature_mirror
D:11:     layout_roguey, erik_orc_4, kennysheep_generic_room_15, uniq_maurice
D:12:     layout_irregular_city, hangedman_decor_diamond_cutter,
          nrook_guardian_serpent_ordinary
D:13:     layout_rooms, nrook_pool_corridor, nicolae_shop_dragon_depot
D:14:     minmay_mutant_horseshoe, layout_loops_corners, erik_vaults_2,
          serial_shops, kennysheep_mini, hangedman_decor_riveting, st_stairs_10

Notes
Turn   | Place    | Note
-------+----------+-------------------------------------------
     0 | D:1      | spaghetti the Naga Chaos Knight began the quest for the
                  | Orb.
     0 | D:1      | Reached XP level 1. HP: 21/21 MP: 1/1
     0 | D:1      | magus.rc [v1.9.6]
    16 | D:1      | XOM: divination: magic mapping
   401 | D:1      | You pick up a book of Necromancy and begin reading...
   401 | D:1      | You add the spells Pain, Animate Skeleton and Vampiric
                  | Draining to your library.
   417 | D:1      | Reached XP level 2. HP: 23/28 MP: 2/2
   640 | D:1      | Found Agusozum's Armour Shoppe.
   729 | D:1      | You pick up a book of Changes and begin reading...
   729 | D:1      | You add the spells Beastly Appendage, Wereblood and Spider
                  | Form to your library.
   818 | D:1      | XOM: silly message
   948 | D:1      | XOM: silly message
   955 | D:1      | XOM: noise
   957 | D:1      | Reached skill level 4 in Unarmed Combat
  1015 | D:1      | Reached XP level 3. HP: 30/34 MP: 3/3
  1015 | D:1      | XOM: enchant monster (bad)
  1311 | D:1      | XOM is BORED!
  1751 | D:2      | XOM: divination: detect creatures
  1756 | D:2      | Reached XP level 4. HP: 42/42 MP: 4/4
  2210 | D:3      | Found a faded altar of an unknown god.
  2288 | D:3      | Noticed Sigmund
  2303 | D:3      | Killed Sigmund
  2304 | D:3      | Reached skill level 6 in Unarmed Combat
  2304 | D:3      | Reached XP level 5. HP: 24/49 MP: 5/5
  2520 | D:3      | Reached XP level 6. HP: 47/56 MP: 6/6
  2523 | D:3      | XOM: confuse monster(s)
  2544 | D:3      | HP: 13/56 [orc/+0 dagger (2)]
  2892 | D:3      | You pick up a book of the Senses and begin reading...
  2892 | D:3      | You add the spells Dazzling Flash, Agony and Silence to
                  | your library.
  3014 | D:3      | Reached skill level 7 in Unarmed Combat
  3040 | D:3      | Found an iron altar of Okawaru.
  3045 | D:3      | Found a snail-covered altar of Cheibriados.
  3112 | D:3      | You add the spells Ignite Poison, Mephitic Cloud and
                  | Freezing Cloud to your library.
  3330 | D:4      | Found a burning altar of Makhleb.
  3352 | D:4      | XOM: summons friendly crimson imp
  3450 | D:4      | Reached XP level 7. HP: 36/62 MP: 7/7
  3670 | D:4      | Noticed Pikel
  3673 | D:4      | XOM: noise
  3677 | D:4      | XOM: potion effect (curing)
  3682 | D:4      | Killed Pikel
  3683 | D:4      | Reached skill level 9 in Unarmed Combat
  3683 | D:4      | Reached XP level 8. HP: 69/69 MP: 8/8
  3744 | D:4      | XOM: silly message
  3995 | D:4      | Found a runed translucent door.
  3996 | D:4      | Noticed Crazy Yiuf
  3996 | D:4      | XOM: stat loss: -1 Int (11/12)
  4039 | D:4      | XOM: scenery: summon butterflies
  4089 | D:5      | XOM: stealth player
  4089 | D:5      | Entered Level 5 of the Dungeon
  4166 | D:5      | XOM: potion effect (invisibility)
  4167 | D:5      | XOM: give mutation
  4167 | D:5      | Gained mutation: You are partially covered in iridescent
                  | scales. (AC +2) [Xom's grace]
  4223 | D:5      | Reached skill level 10 in Unarmed Combat
  4413 | D:5      | XOM: enchant monster (good)
  4503 | D:5      | XOM: give mutations
  4503 | D:5      | Gained mutation: You are mostly covered in iridescent
                  | scales. (AC +4) [Xom's grace]
  4503 | D:5      | Gained mutation: You are robust. (+10% HP) [Xom's grace]
  4503 | D:5      | Gained mutation: Your spells are a little harder to cast,
                  | but a little more powerful. [Xom's grace]
  4503 | D:5      | Gained mutation: You have very sharp teeth. [Xom's grace]
  4548 | D:5      | XOM: cleaving
  4599 | D:5      | XOM: enchant monster (good)
  4601 | D:5      | Reached skill level 11 in Unarmed Combat
  4640 | D:5      | XOM: god gift: 408 gold pieces
  4687 | D:5      | Found a staircase to the Ecumenical Temple.
  4707 | D:5      | Noticed Eustachio
  4728 | D:5      | XOM: smoke on damage
  4730 | D:5      | XOM: summons friendly quasit
  4741 | D:5      | Killed Eustachio
  4742 | D:5      | Reached XP level 9. HP: 34/82 MP: 9/9
  5012 | D:5      | Found Daojenk's Book Shop.
  5152 | D:5      | XOM: god gift: scroll labelled QEARPH IMYEPSUYM {god gift}
  5292 | D:5      | XOM: summons 9 friendly demons
  5433 | D:5      | Noticed Menkaure
  5436 | D:5      | XOM: scenery: create altars
  5445 | D:5      | Killed Menkaure
  5446 | D:5      | Reached skill level 12 in Unarmed Combat
  5563 | D:5      | XOM: scenery: summon butterflies
  5726 | D:5      | XOM: god gift: hand crossbow {god gift}
  5874 | D:6      | XOM: cleaving
  5922 | D:6      | XOM: scenery: create altars
  6008 | D:6      | XOM: divination: detect creatures
  6208 | D:6      | HP: 18/82 [adder (4)]
  6244 | D:6      | HP: 11/82 [ogre/+0 giant spiked club (15)]
  6726 | D:6      | Reached skill level 13 in Unarmed Combat
  6992 | D:7      | Found an ornate altar of the Wu Jian Council.
  7099 | D:7      | XOM: give mutations
  7099 | D:7      | Gained mutation: Your spells are harder to cast, but more
                  | powerful. [Xom's grace]
  7099 | D:7      | Gained mutation: Your spells are much harder to cast, but
                  | much more powerful. [Xom's grace]
  7198 | D:7      | XOM: 5-stop teleportation journey
  7248 | D:7      | Reached XP level 10. HP: 62/92 MP: 10/10
  7324 | D:7      | XOM: god gift: rapier {god gift}
  7461 | D:7      | Reached skill level 14 in Unarmed Combat
  7510 | D:7      | XOM: scenery: 1 doors open, 2 doors close
  7543 | D:5      | XOM: god gift: Xom's Compendium of Mayhem {god gift}
  7544 | D:5      | You add the spells Searing Ray, Summon Guardian Golem,
                  | Portal Projectile, Fulminant Prism and Lightning Bolt to
                  | your library.
  7544 | D:5      | Got Xom's Compendium of Mayhem {god gift}
  7545 | D:5      | XOM: cloud trail
  7575 | D:5      | Bought a manual of Stealth for 800 gold pieces
  7639 | D:7      | Reached skill level 2 in Stealth
  7655 | D:7      | Reached skill level 3 in Stealth
  7822 | D:7      | XOM: cast spell 'Monstrous Menagerie'
  7945 | D:8      | Reached skill level 6 in Stealth
  7951 | D:8      | XOM: noise
  7961 | D:8      | Reached skill level 7 in Stealth
  8308 | D:8      | Reached skill level 8 in Stealth
  8511 | D:8      | XOM: 2-stop teleportation journey
  8515 | D:8      | Reached skill level 9 in Stealth
  8520 | D:8      | XOM: potion effect (invisibility)
  8525 | D:8      | XOM: butterfly on damage
  8537 | D:8      | Reached skill level 10 in Stealth
  8973 | D:8      | Reached skill level 11 in Stealth
  9208 | D:8      | Reached skill level 12 in Stealth
  9227 | D:8      | XOM: silly message
  9751 | D:8      | XOM: silly message
  9818 | D:9      | You pick up a book of Maledictions and begin reading...
  9818 | D:9      | You add the spells Tukima's Dance, Anguish and Enfeeble to
                  | your library.
  9832 | D:9      | Reached skill level 13 in Stealth
  9838 | D:9      | XOM: silly message
  9891 | D:9      | Reached skill level 14 in Stealth
  9999 | D:9      | Noticed a white ugly thing
 10006 | D:9      | XOM: potion effect (haste)
 10008 | D:9      | XOM: potion effect (might)
 10008 | D:9      | Noticed a two-headed ogre
 10009 | D:9      | XOM: potion effect (haste)
 10012 | D:9      | Killed a white ugly thing
 10013 | D:9      | Reached skill level 16 in Stealth
 10013 | D:9      | Noticed a swamp dragon
 10018 | D:9      | XOM: potion effect (berserk rage)
 10020 | D:9      | Killed a swamp dragon
 10020 | D:9      | XOM: potion effect (brilliance)
 10021 | D:9      | Reached skill level 17 in Stealth
 10022 | D:9      | Killed a two-headed ogre
 10023 | D:9      | Reached skill level 18 in Stealth
 10023 | D:9      | Reached XP level 11. HP: 99/99 MP: 11/11
 10026 | D:9      | Noticed a centaur warrior
 10035 | D:9      | Killed a centaur warrior
 10036 | D:9      | Reached skill level 4 in Fighting
 10307 | D:9      | XOM: silly message
 10419 | D:9      | XOM: divination: detect creatures
 10482 | D:9      | XOM: divination: detect creatures
 10530 | D:9      | Reached skill level 5 in Fighting
 10532 | D:9      | You pick up a book of Conjurations {@e2} and begin
                  | reading...
 10598 | D:9      | XOM: 6-stop teleportation journey
 10661 | D:9      | Noticed a two-headed ogre
 11076 | D:8      | Reached skill level 6 in Fighting
 11524 | D:8      | XOM: stat loss: -1 Dex (10/11)
 11756 | D:9      | XOM: confuse monster(s)
 11918 | D:9      | Killed a two-headed ogre
 11919 | D:9      | Reached skill level 7 in Fighting
 12222 | D:9      | XOM: cleaving
 12292 | D:9      | Noticed Joseph
 12294 | D:9      | XOM: divine lightning
 12295 | D:9      | Killed Joseph
 12333 | D:9      | Found a staircase to the Lair.
 12464 | D:9      | You pick up a book of Pain and begin reading...
 12745 | D:9      | XOM: summons 5 friendly demons
 12749 | D:9      | XOM: confusion
 12765 | D:9      | Reached skill level 8 in Fighting
 12866 | D:9      | Found a broken altar of Ashenzari.
 13002 | D:9      | XOM: give mutation
 13002 | D:9      | Gained mutation: You can exhale a cloud of poison. [Xom's
                  | grace]
 13145 | D:10     | Entered Level 10 of the Dungeon
 13167 | D:10     | Noticed a two-headed ogre
 13168 | D:10     | XOM: scenery: create altars
 13173 | D:10     | Killed a two-headed ogre
 13352 | D:10     | Noticed a two-headed ogre
 13360 | D:10     | Killed a two-headed ogre
 13361 | D:10     | Reached skill level 9 in Fighting
 13424 | D:10     | Found an ancient bone altar of Kikubaaqudgha.
 13429 | D:10     | Noticed a harpy
 13429 | D:10     | a guardian serpent changed into a harpy
 13434 | D:10     | Killed a harpy
 13676 | D:10     | Reached XP level 12. HP: 126/127 MP: 12/12
 13791 | D:10     | Found a portal to a secret trove of treasure.
 13821 | D:10     | This trove needs 9 potions of haste to function. Give it
                  | the items?
 13931 | D:10     | XOM: give mutations
 13931 | D:10     | Gained mutation: You are completely covered in iridescent
                  | scales. (AC +6) [Xom's grace]
 13931 | D:10     | Gained mutation: You are resistant to electric shocks.
                  | (rElec) [Xom's grace]
 13931 | D:10     | Gained mutation: You are very robust. (+20% HP) [Xom's
                  | grace]
 14037 | D:10     | XOM: confuse monster(s)
 14040 | D:10     | Reached skill level 10 in Fighting
 14503 | D:10     | Found a shimmering altar of Xom.
 14503 | D:10     | Noticed a centaur warrior
 14513 | D:10     | Killed a centaur warrior
 14764 | D:11     | Noticed a two-headed ogre
 14776 | D:11     | Killed a two-headed ogre
 14777 | D:11     | Reached skill level 11 in Fighting
 15008 | D:11     | XOM: cloud trail
 15031 | D:11     | Found a staircase to the Orcish Mines.
 15031 | D:11     | Noticed Maurice
 15031 | D:11     | XOM: 1-stop teleportation journey
 15048 | D:11     | XOM: scenery: 1 doors open
 15059 | D:11     | Killed Maurice
 15191 | D:11     | XOM: god gift: runed whip {god gift}
 15429 | D:11     | Reached skill level 12 in Fighting
 15460 | D:11     | You pick up a book of Unlife and begin reading...
 15460 | D:11     | You add the spells Animate Dead, Borgnjor's Vile Clutch and
                  | Death Channel to your library.
 15668 | D:12     | HP: 34/147 [skeletal warrior/+0 broad axe[a skeletal
                  | warrior] (29)]
 16188 | D:12     | XOM: divination: magic mapping
 16194 | D:12     | Reached skill level 13 in Fighting
 16248 | D:12     | You pick up a book of Dreams and begin reading...
 16251 | D:12     | XOM: silly message
 16316 | D:12     | XOM: fake destruction
 16329 | D:12     | XOM: silly message
 16489 | D:12     | XOM: noise
 16510 | D:12     | XOM: summons 1 hostile demon
 16521 | D:12     | XOM: confusion (+ monsters)
 16522 | D:12     | HP: 34/152 [skeletal warrior/+0 short sword[a skeletal
                  | warrior] (11)]
 16524 | D:12     | HP: 8/152 [skeletal warrior/+0 short sword[a skeletal
                  | warrior] (11)]
 16532 | D:12     | Reached skill level 14 in Fighting
 16532 | D:12     | Gained mutation: You can use your snake-like lower body to
                  | constrict enemies. [Naga growth]
 16532 | D:12     | Reached XP level 13. HP: 24/162 MP: 13/13
 16575 | D:12     | XOM: 3-stop teleportation journey
 16871 | D:12     | XOM: give mutations
 16871 | D:12     | Lost mutation: You are resistant to electric shocks.
                  | (rElec) [Xom's mischief]
 16871 | D:12     | Gained mutation: You sometimes lose the ability to read
                  | scrolls when taking damage. [Xom's mischief]
 16871 | D:12     | Lost mutation: You sometimes lose the ability to read
                  | scrolls when taking damage. [Xom's mischief]
 17114 | D:12     | XOM: silly message
 17164 | D:12     | XOM: give mutation
 17164 | D:12     | Lost mutation: You have very sharp teeth. [Xom's mischief]
 17631 | D:12     | XOM: noise
 17700 | D:13     | Reached skill level 15 in Unarmed Combat
 17780 | D:13     | HP: 32/162 [/a scroll of torment (29)]
 17780 | D:13     | XOM: summons 2 friendly demons
 17784 | D:13     | HP: 15/162 [freezing wraith[a death knight] (5)]
 17785 | D:13     | HP: 7/243 [freezing wraith[a death knight] (9)]
 17785 | D:13     | Slain by a freezing wraith

Vanquished Creatures
  3 centaur warriors
  7 two-headed ogres
  2 tengu warriors (D:14)
  7 skeletal warriors
  A swamp dragon (shapeshifter) (D:9)
  A harpy (shapeshifter) (D:10)
  Pikel (D:4)
  3 ugly things
  A cyclops (D:12)
  2 manticores
  Maurice (D:11)
  Joseph (D:9)
  A guardian serpent (D:12)
  A gargoyle (D:11)
  An unseen horror (D:12)
  2 komodo dragons
  A tengu conjurer (D:9)
  2 hornets (D:9)
  6 trolls
  5 slime creatures (D:12)
  Sigmund (D:3)
  3 wraiths
  7 yaks
  Eustachio (D:5)
  A steam dragon (D:8)
  A vampire mosquito (D:11)
  Menkaure (D:5)
  3 acid dragons (D:9)
  4 water moccasins
  7 orc warriors
  2 sky beasts
  2 black bears (D:5)
  3 ogres
  5 centaurs (D:9)
  A phantom (D:5)
  6 kobold brigands
  4 bullfrogs
  2 scorpions (D:5)
  10 wights
  2 necrophages
  11 killer bees (D:9)
  4 howler monkeys
  4 hounds
  A jelly (D:6)
  7 orc priests
  A gnoll shaman (D:9)
  7 iguanas
  15 orc wizards
  4 adders
  4 gnolls (D:5)
  3 white imps
  An ufetubus (D:5)
  A worm (D:3)
  A dart slug (D:4)
  46 orcs
  4 bats
  8 endoplasms
  2 giant cockroaches (D:1)
  5 hobgoblins
  9 jackals
  30 kobolds
  A quokka (D:3)
  11 ball pythons
  2 frilled lizards (D:1)
  6 goblins
  3 rats (D:1)
306 creatures vanquished.

Vanquished Creatures (collateral kills)
  A vampire (D:11)
  A human (D:11)
  A vampire mosquito (D:11)
  2 wargs (D:11)
  A water moccasin (D:7)
  An ogre (D:7)
  A bullfrog (D:7)
  2 killer bees (D:9)
  4 orc priests
  6 orcs
20 creatures vanquished.

Vanquished Creatures (others)
  An ugly thing (D:14)
  5 fungi (D:9)
  15 plants
21 creatures vanquished.

Grand Total: 347 creatures vanquished

Table legend:
 A = Non-vault XP
 B = Vault XP
 C = Vault XP percentage of total XP
 D = Non-vault monster count
 E = Vault monster count
 F = Vault count percentage of total count
                 A         B        C        D         E       F
            +---------+---------+-------+---------+---------+-------
      Total |   26929 |   13025 |  32.6 |     263 |      63 |  19.3
            +---------+---------+-------+---------+---------+-------
        D:1 |      34 |       8 |  19.0 |      21 |       6 |  22.2
        D:2 |      50 |       0 |   0.0 |      15 |       0 |   0.0
        D:3 |     114 |     223 |  66.2 |      14 |       1 |   6.7
        D:4 |     291 |     629 |  68.4 |      26 |       1 |   3.7
        D:5 |    1147 |     375 |  24.6 |      29 |       2 |   6.5
        D:6 |     958 |       0 |   0.0 |      19 |       0 |   0.0
        D:7 |     807 |     307 |  27.6 |      12 |       4 |  25.0
        D:8 |    1959 |       0 |   0.0 |      35 |       0 |   0.0
        D:9 |    1988 |    6419 |  76.4 |      32 |      25 |  43.9
       D:10 |    3938 |    1472 |  27.2 |      24 |       2 |   7.7
       D:11 |    2401 |    1445 |  37.6 |       9 |      19 |  67.9
       D:12 |   10617 |     478 |   4.3 |      22 |       1 |   4.3
       D:13 |    1270 |       0 |   0.0 |       3 |       0 |   0.0
       D:14 |    1355 |    1669 |  55.2 |       2 |       2 |  50.0
            +---------+---------+-------+---------+---------+-------

Illustrated notes

Table legend:
 A = Kills in this place as a percentage of kills in entire the game.
 B = Kills by you in this place as a percentage of kills by you in the entire game.
 C = Kills by friends in this place as a percentage of kills by friends in the entire game.
 D = Other kills in this place as a percentage of other kills in the entire game.
 E = Experience gained in this place as a percentage of experience gained in the entire game.
 F = Experience gained in this place divided by the number of levels of this place that you have seen.
                   A       B       C       D       E      F
               +-------+-------+-------+-------+-------+----------------------
         Total | 100.0 | 100.0 | 100.0 | 100.0 | 100.0 | 2853.9
       Dungeon | 100.0 | 100.0 | 100.0 | 100.0 | 100.0 | 2853.9
               +-------+-------+-------+-------+-------+----------------------

Table legend: (Time is in decaauts)
 A = Elapsed time spent in this place.
 B = Non-inter-level travel time spent in this place.
 C = Inter-level travel time spent in this place.
 D = Time resting spent in this place.
 E = Time spent auto-exploring this place.
 F = Levels seen in this place.
 G = Mean time per level.
                   A        B        C        D        E       F      G
               +--------+--------+--------+--------+--------+-----+--------+
         Total |  20845 |  20086 |    759 |   4709 |  12947 |  14 | 1488.9 |
       Dungeon |  20845 |  20086 |    759 |   4709 |  12947 |  14 | 1488.9 |
               +--------+--------+--------+--------+--------+-----+--------+

Top non-repeatable levels by time:
     D:9: 2950 daAuts
     D:8: 2897 daAuts
     D:5: 2112 daAuts
    D:10: 2032 daAuts
    D:12: 1913 daAuts
     D:1: 1599 daAuts
    D:11: 1335 daAuts
     D:7: 1272 daAuts
     D:3: 1267 daAuts
     D:6: 1253 daAuts
     D:2: 1109 daAuts
     D:4: 957 daAuts
    D:13: 96 daAuts
    D:14: 45 daAuts
